Map: Sanctuary III LE

Players

llllllllllll - Winner!

  • Race: Protoss Protoss
  • League: Grandmaster

SortOf

  • Race: Zerg Zerg
  • League: Grandmaster

VOD

Have the link to the VOD?

Description

Time

  • Played on: July 31, 2026, 6:53 a.m.
  • Length: 13:01
Show
View Real Time Build Order
Export as new Build Order

llllllllllll Protoss - Winner!

Build Orders: Blink Stalkers 

Get SALT Encoding   

  8  0:00  Probe (Chrono Boost)  
  9  0:12  Probe (Chrono Boost)  
  10  0:17  Probe (Chrono Boost)  
  11  0:26  Probe  
  12  0:32  Pylon  
  12  0:38  Probe  
  13  0:50  Probe  
  13  0:55  Gateway  
  14  1:02  Probe (Chrono Boost)  
  15  1:04  Assimilator  
  16  1:12  Probe (Chrono Boost)  
  16  1:17  Probe (Chrono Boost)  
  17  1:29  Probe  
  18  1:41  Probe, Cybernetics Core  
  19  1:57  Nexus  
  19  2:04  Pylon  
  19  2:06  Probe  
  20  2:12  Assimilator  
  20  2:18  Warp Gate  
  20  2:21  Stalker (Chrono Boost)  
  20  2:26  Probe  
  23  2:38  Probe  
  23  2:40  Stalker  
  26  2:50  Probe  
  27  2:55  Twilight Council  
  27  3:03  Probe (Chrono Boost)  
  28  3:09  Stalker, Probe (Chrono Boost)  
  31  3:15  Probe (Chrono Boost)  
  33  3:20  Probe (Chrono Boost)  
  33  3:22  Probe (Chrono Boost)  
  33  3:25  Probe (Chrono Boost)  
  33  3:26  Blink (Chrono Boost)  
  35  3:28  Probe  
  36  3:35  Probe  
  37  3:41  Gateway  
  37  3:43  Probe  
  37  3:47  Probe  
  39  3:52  Gateway  
  39  3:56  Probe  
  39  3:58  Pylon  
  39  4:01  Probe  
  41  4:08  Assimilator  
  41  4:10  Probe  
  41  4:13  Probe  
  41  4:16  Stalker  
  44  4:19  Pylon  
  44  4:23  Probe  
  43  4:25  Probe  
  43  4:28  Stalker  
  46  4:35  Probe  
  46  4:37  Probe  
  48  4:38  Stalker  
  48  4:39  Stalker  
  48  4:44  Stalker  
  54  4:48  Probe  
  54  4:49  Probe  
  56  4:52  Pylon  
  56  4:58  Stalker  
  58  5:03  Robotics Facility  
  58  5:06  Pylon  
  58  5:12  Probe  
  59  5:26  Stalker x3  
  62  5:38  Nexus  
  61  5:44  Forge, Probe  
  61  5:45  Probe  
  63  5:50  Observer  
  63  5:56  Stalker x3  
  70  5:58  Probe  
  70  6:00  Probe  
  72  6:06  Pylon  
  72  6:07  Observer  
  72  6:11  Probe  
  74  6:18  Pylon  
  74  6:23  Protoss Ground Weapons Level 1 (Chrono Boost)  
  74  6:24  Zealot x3, Pylon  
  81  6:30  Nexus  
  80  6:34  Pylon, Probe x2  
  80  6:37  Shield Battery  
  82  6:42  Sentry x3  
  88  6:49  Probe x2  
  90  6:56  Zealot  
  90  6:57  Zealot x2  
  96  7:02  Charge  
  96  7:03  Probe x2  
  98  7:10  Stalker x2  
  98  7:14  Stalker  
  95  7:23  Probe x2  
  95  7:29  Pylon  
  97  7:31  Forge  
  97  7:34  Gateway  
  97  7:35  Immortal  
  97  7:38  Probe (Chrono Boost)  
  97  7:41  Stalker  
  97  7:42  Probe x2 (Chrono Boost)  
  102  7:50  Probe (Chrono Boost)  
  109  7:51  Probe x2 (Chrono Boost)  
  109  7:55  Probe (Chrono Boost)  
  109  7:56  Probe x2 (Chrono Boost)  
  111  8:01  Templar Archives  
  111  8:02  Pylon  
  111  8:05  Probe  
  113  8:08  Probe x2  
  113  8:12  Pylon, Assimilator  
  115  8:14  Assimilator  
  115  8:16  Protoss Ground Weapons Level 2 (Chrono Boost)  
  115  8:17  Pylon, Protoss Ground Armor Level 1 (Chrono Boost)  
  115  8:19  Zealot  
  117  8:20  Zealot  
  117  8:22  Probe x2  
  117  8:23  Probe  
  121  8:31  Zealot  
  123  8:38  Assimilator, Immortal  
  123  8:40  Zealot  
  123  8:41  Zealot  
  131  8:42  Zealot  
  131  8:46  Photon Cannon  
  133  8:51  Pylon  
  133  8:52  Pylon  
  133  8:59  High Templar  
  133  9:01  High Templar  
  137  9:04  Gateway  
  137  9:05  Gateway  
  137  9:07  Zealot x2  
  141  9:20  High Templar x2  
  141  9:22  Photon Cannon, Zealot x2  
  141  9:23  Pylon  
  149  9:27  Pylon x2  
  149  9:29  Gateway, Archon  
  149  9:31  Gateway  
  149  9:38  Pylon  
  149  9:40  Pylon, High Templar x2, Zealot x2  
  157  9:48  Immortal  
  161  9:58  Zealot  
  161  9:59  Zealot  
  155  10:12  Archon  
  155  10:13  Zealot  
  155  10:14  Zealot  
  149  10:18  Probe x2  
  142  10:24  Archon  
  142  10:27  Immortal (Chrono Boost)  
  142  10:28  Zealot x4  
  152  10:30  High Templar x3  
  152  10:33  Protoss Ground Armor Level 2 (Chrono Boost)  
  152  10:35  Zealot  
  158  10:41  Zealot x2  
  158  10:42  Zealot x2  
  164  10:47  Probe x2  
  164  10:48  Probe, Zealot  
  168  10:58  Archon  
  168  10:59  High Templar  
  168  11:00  Immortal (Chrono Boost)  
  168  11:01  Zealot x3  
  180  11:04  Pylon  
  180  11:13  High Templar  
  180  11:14  High Templar  
  184  11:23  Nexus  
  184  11:24  Pylon  
  184  11:25  Zealot  
  186  11:30  High Templar x2  
  190  11:33  Zealot  
  190  11:34  Zealot x2  
  190  11:38  Immortal (Chrono Boost)  
  196  11:40  Archon  
  196  11:41  Archon  
  200  11:48  Photon Cannon, Shield Battery  
  194  11:57  Zealot x4  
  194  12:00  Zealot  
  187  12:09  Observer (Chrono Boost)  
  187  12:12  Zealot  
  187  12:13  Zealot x4  
  192  12:17  Zealot x2  
  192  12:19  Archon  
  192  12:21  Observer (Chrono Boost)  
  197  12:31  Probe x3  
  184  12:45  Zealot x5  
Show
View Real Time Build Order
Export as new Build Order

SortOf Zerg 

Build Orders: Hatch First, Lurkers 

Get SALT Encoding   

  8  0:01  Drone  
  9  0:11  Drone  
  10  0:17  Drone  
  11  0:23  Drone  
  12  0:33  Overlord  
  12  0:51  Drone  
  13  0:58  Drone x2  
  13  1:01  Drone  
  16  1:16  Hatchery  
  15  1:20  Drone  
  15  1:24  Drone  
  17  1:31  Drone  
  18  1:38  Extractor  
  17  1:43  Spawning Pool  
  17  1:46  Drone  
  17  1:51  Drone  
  18  2:01  Drone  
  19  2:10  Overlord  
  19  2:21  Drone  
  20  2:29  Drone  
  21  2:30  Queen x2  
  21  2:35  Zergling x2  
  26  2:38  Drone  
  26  2:40  Drone  
  26  2:44  Metabolic Boost  
  28  2:55  Drone x2  
  30  3:02  Overlord  
  30  3:04  Drone  
  31  3:12  Overlord  
  31  3:16  Overlord  
  31  3:21  Drone  
  31  3:23  Extractor  
  31  3:24  Queen, Extractor  
  34  3:34  Hatchery  
  34  3:36  Zergling x4  
  34  3:37  Zergling x2  
  36  3:42  Zergling x4  
  36  3:45  Drone x2  
  36  3:48  Drone  
  41  3:50  Overlord  
  41  3:56  Drone  
  41  3:58  Drone  
  41  4:02  Queen  
  45  4:10  Roach Warren  
  45  4:11  Drone x2  
  45  4:14  Zergling x2  
  47  4:17  Zergling x4  
  47  4:21  Zergling x4  
  50  4:25  Drone  
  50  4:26  Overlord  
  50  4:31  Drone x2  
  52  4:38  Drone x4  
  52  4:42  Evolution Chamber  
  54  4:46  Drone  
  54  4:49  Overlord  
  54  4:50  Zergling x4  
  56  4:55  Zergling x6  
  56  4:58  Zergling x2  
  60  5:01  Zergling x4  
  63  5:07  Zergling x2  
  63  5:10  Zergling x2  
  63  5:11  Zergling x2  
  63  5:13  Zerg Melee Weapons Level 1  
  64  5:14  Zergling x6  
  65  5:21  Zergling x8  
  68  5:28  Zergling x12  
  69  5:42  Zergling x8  
  72  5:47  Drone  
  72  5:48  Drone  
  72  5:49  Hatchery  
  73  5:52  Zergling x6  
  73  5:53  Lair  
  76  5:58  Overlord  
  76  6:03  Overlord  
  76  6:04  Overlord  
  76  6:14  Overlord, Drone  
  76  6:17  Drone x7  
  83  6:24  Zergling x8  
  82  6:27  Queen  
  82  6:31  Zergling x4  
  85  6:41  Zergling x16  
  85  6:46  Extractor  
  90  6:48  Drone x3, Baneling Nest  
  92  6:57  Drone  
  92  6:58  Drone  
  91  7:05  Zergling x16  
  97  7:13  Zergling x8  
  91  7:20  Zergling x6  
  85  7:26  Extractor  
  85  7:27  Extractor  
  85  7:28  Zerg Melee Weapons Level 2  
  81  7:30  Drone x5  
  81  7:33  Drone x4  
  81  7:35  Centrifugal Hooks  
  90  7:37  Hatchery  
  90  7:38  Drone x4  
  90  7:41  Overlord  
  93  7:45  Infestation Pit  
  93  7:46  Drone x2  
  93  7:50  Zergling x4  
  96  7:55  Overseer  
  96  7:58  Zergling x16  
  104  8:06  Baneling x5  
  104  8:08  Drone x7  
  111  8:12  Extractor  
  111  8:13  Overlord  
  110  8:26  Zergling x20, Extractor, Baneling x7  
  119  8:34  Hive  
  119  8:36  Drone x3  
  119  8:40  Drone x3  
  125  8:44  Overlord  
  125  8:45  Zergling x6  
  125  8:47  Overlord x3  
  128  8:52  Infestor  
  128  8:54  Baneling x2  
  128  8:55  Zergling x4  
  132  8:57  Overlord  
  132  9:03  Hydralisk Den  
  132  9:04  Zergling x18  
  139  9:12  Zergling x18  
  145  9:23  Drone x2  
  145  9:24  Drone x2  
  148  9:26  Overseer  
  148  9:29  Zergling x22  
  159  9:34  Lurker Den  
  159  9:35  Baneling x12  
  158  9:39  Overlord  
  158  9:44  Zergling x14  
  165  9:48  Overlord  
  164  9:55  Zergling x18  
  161  10:02  Zergling x12  
  155  10:08  Viper x2  
  148  10:19  Hydralisk x6  
  148  10:21  Zergling x14  
  153  10:22  Zergling x2  
  153  10:25  Hydralisk  
  148  10:28  Grooved Spines  
  148  10:29  Hydralisk  
  148  10:32  Hydralisk  
  151  10:39  Zerg Missile Weapons Level 1  
  151  10:42  Overlord, Extractor  
  151  10:43  Extractor, Spore Crawler  
  151  10:44  Drone x4  
  151  10:45  Drone x5, Spine Crawler  
  151  10:46  Drone  
  151  10:49  Seismic Spines  
  157  10:55  Zergling x12  
  157  10:56  Lurker  
  164  11:02  Lurker  
  165  11:09  Spine Crawler  
  165  11:11  Spine Crawler  
  163  11:13  Drone x4  
  165  11:18  Lurker x3  
  165  11:20  Zergling x24  
  180  11:32  Muscular Augments  
  178  11:34  Lurker x2  
  178  11:35  Zergling x14  
  187  11:42  Overlord  
  187  11:46  Adaptive Talons  
  186  11:49  Hydralisk  
  186  11:50  Hydralisk x4  
  186  11:54  Hydralisk x4, Zergling x2  
  173  11:55  Zergling x8  
  176  12:03  Hydralisk x4  
  176  12:05  Hydralisk  
  149  12:09  Zergling x10  
  153  12:16  Lurker  
  153  12:17  Lurker, Hatchery  
  153  12:20  Zergling x10  
  159  12:24  Lurker x2  
  161  12:31  Lurker  
  161  12:34  Zergling x20  
Tags
 
Add a new tag
Caveats
  • Supply blocks, unpowered buildings, or Contaminate may cause inaccurate times.
  • Supply counts are checked every 10 seconds.